AoeStats
← Kwisatz Haderach

Yucatan

510723492Analyzed
3v3 RM · 18h ago on Oct 2, 2026· 23m 14s· 6 players
Game mode
Random Map
Map size
Normal (6 player)
Population
200
Speed
Normal
Resources
Standard
Victory
Conquest
Starting age
Dark Age
Ending age
Imperial Age
RankedLock teamsTeams togetherTeam positionsShared explorationLock speedFull tech treeHidden civsTurbo modeCheats
Victory
Defeat
🇫🇷 Armenians · France
1285
+16
🇨🇭 Inca · Switzerland
1266
+17
🇮🇳 Mongols · India
1256
+17
🇦🇺 Saxons · Australia
1436
-23
🇦🇺 Japanese · Australia
1207
-14
🇦🇺 Vietnamese · Australia
1205
-13
slapster24
10:05 Feudal Age
10:56 Double-Bit Axe
13:40 Horse Collar
16:39 Bloodlines
18:58 Castle Age
16:47 Loom
19:03 Castle Age
17:25 Scale Barding Armor
20:43 Chain Barding Armor
CausedGosling53
6:39 Loom
9:33 Feudal Age
9:40 Champi Runner
10:24 Double-Bit Axe
11:17 Forging
14:19 Scale Mail Armor
21:22 Castle Age
20:29 Gold Mining
21:26 Champi Warrior
22:27 Chain Mail Armor
Jojo328
7:23 Loom
11:35 Feudal Age
11:39 Man-at-Arms
13:01 Long Swordsman
14:06 Forging
13:57 Scale Mail Armor
15:41 Double-Bit Axe
16:04 Arson
19:17 Horse Collar
21:43 Wheelbarrow
Kwisatz Haderach
7:24 Loom
10:39 Feudal Age
14:55 Castle Age
13:02 Double-Bit Axe
20:47 Fletching
LavishlyMoist
6:04 Loom
11:33 Feudal Age
11:59 Double-Bit Axe
11:58 Horse Collar
13:37 Man-at-Arms
21:25 Fletching
24:50 Castle Age
SkibidiBanditSlayer
6:44 Loom
9:34 Feudal Age
9:40 Man-at-Arms
10:08 Double-Bit Axe
Connection lost

Rejoining the realm…

Still unreachable

The connection could not be restored.

Session expired

The server has moved on; the page needs a fresh start.